 Dungeon Crawl Stone Soup version 0.25-a0-781-gc44aebf4fe (webtiles) character file.

Game seed: 9004597154550702559, levelgen mode: deterministic

296 mopedfahrer the Chiller (level 6, -1/41 HPs)
             Began as a Human Ice Elementalist on Apr 16, 2020.
             Slain by a shadow imp (2 damage)
             ... summoned by Eustachio
             ... on level 4 of the Dungeon.
             The game lasted 00:38:53 (3317 turns).

mopedfahrer the Chiller (Human Ice Elementalist)    Turns: 3317, Time: 00:38:54

Health: -1/41      AC:  2    Str:  8    XL:     6   Next: 61%
Magic:  1/11       EV: 12    Int: 20    God:
Gold:   199        SH:  0    Dex: 14    Spells: 4/12 levels left

rFire    + . .     SeeInvis .   q - +3 dagger
rCold    + . .     Gourm    .   (no shield)
rNeg     . . .     Faith    .   a - +0 robe
rPois    .         Spirit   .   (no helmet)
rElec    .         Reflect  .   s - scarf {rC+ rF+}
rCorr    .         Harm     .   (no gloves)
MR       .....                  (no boots)
Stlth    ++........             p - amulet of magic regeneration
HPRegen  0.13/turn              o - +3 ring of intelligence
MPRegen  0.37/turn              z - ring of wizardry

@: no status effects
A: no striking features
a: no special abilities


You were on level 4 of the Dungeon.
You were hungry.

You visited 1 branch of the dungeon, and saw 4 of its levels.

You collected 199 gold pieces.

Inventory:

Hand Weapons
 q - a +3 dagger (weapon)
 x - a +4 quarterstaff of chaos
Missiles
 h - 44 arrows
Armour
 a - a +0 robe (worn)
 s - a scarf of resistance (worn)
 y - a +2 cloak of magic resistance
Jewellery
 o - a +3 ring of intelligence (left hand)
 p - an amulet of magic regeneration (around neck)
 z - a ring of wizardry (right hand)
Wands
 r - a wand of iceblast (14)
 w - a wand of random effects (14)
Scrolls
 d - 7 scrolls of identify {unknown}
 e - a scroll of fog {unknown}
 f - a scroll of fear {unknown}
 g - a scroll of teleportation {unknown}
 k - a scroll of amnesia {unknown}
 l - a scroll of blinking {unknown}
 m - a scroll of remove curse {unknown}
 t - a scroll of magic mapping {unknown}
 v - 2 scrolls of enchant weapon {unknown}
Potions
 b - 3 potions of ambrosia {unknown}
 i - 4 potions of heal wounds {unknown}
 j - a potion of lignification {unknown}
 n - a potion of curing
 u - 2 potions of might {unknown}
 A - a potion of stabbing {unknown}
Comestibles
 c - 8 rations


   Skills:
 - Level 2.0 Dodging
 - Level 2.0 Stealth
 + Level 3.6 Spellcasting
 * Level 3.1 Summonings
 - Level 5.5 Ice Magic


You had 4 spell levels left.
You knew the following spells:

 Your Spells              Type           Power        Failure   Level  Hunger
a - Freeze                Ice            ####         1%          1    None
b - Frozen Ramparts       Ice            ####..       1%          3    ###....
c - Summon Ice Beast      Ice/Summ       ###.....     9%          4    ####...

Your spell library contained the following spells:

 Spells                   Type           Power        Failure   Level  Hunger
 Ozocubu's Armour         Chrm/Ice       ##......     5%          3    ###....
 Hailstorm                Conj/Ice       ##......     16%         4    ####...


Dungeon Overview and Level Annotations

Branches:
Dungeon (4/15)
 Temple: D:4-7

Altars:
Fedhas
Qazlal

Shops:
D:4 [

Annotations:
D:4 Eustachio


Message History

The nameless horror closely misses you.
You hit the nameless horror but do no damage.
The nameless horror is severely damaged.
The shadow imp barely misses you. The shadow imp hits you.
* * * LOW HITPOINT WARNING * * *
The shadow imp hits you.
* * * LOW HITPOINT WARNING * * *
The nameless horror hits you.
* * * LOW HITPOINT WARNING * * *
You feel your power leaking away.
You hit the nameless horror.
The nameless horror is almost destroyed.
The shadow imp hits you.
* * * LOW HITPOINT WARNING * * *
The shadow imp closely misses you. The nameless horror barely misses you.
The shadow imp closely misses you.
You hit the nameless horror but do no damage.
The nameless horror is almost destroyed.
The shadow imp hits you.
You die...

#.........# #.#.#. #.........#
#...#. #.........#####..#.
#.......>.'...@.>..
#....@....########.
#.........#........ ###########
#.........#.######. #.........#
#5X5......#.#...... #.........#
#.@5..$...#.##.#### #.........#
###########........
###.....(...################.####
..'.........'................####
###.........#######..............
#.........# #####.#########
#.........# #.# #.∩.......# #.#
#.........# #.#


You could see a nameless horror, Eustachio and 3 shadow imps.

Vanquished Creatures
  A scorpion (D:4)
  A howler monkey (D:4)
  An orc wizard (D:3)
  Crazy Yiuf (D:3)
  A hound skeleton (D:4)
  4 adders
  A river rat (D:3)
  3 oozes (D:3)
  3 worms
  3 leopard geckos
  4 orcs (D:3)
  A ball python (D:2)
  11 bats
  3 giant cockroaches
  7 goblins
  6 hobgoblins
  7 kobolds
  4 quokkas
  3 frilled lizards
  A leopard gecko skeleton (D:4)
  6 rats
72 creatures vanquished.

Notes
Turn   | Place    | Note
-------+----------+-------------------------------------------
     0 | D:1      | mopedfahrer the Human Ice Elementalist began the quest for
                  | the Orb.
     0 | D:1      | Reached XP level 1. HP: 13/13 MP: 3/3
   236 | D:1      | Reached XP level 2. HP: 19/19 MP: 3/5
  1129 | D:2      | Reached XP level 3. HP: 24/24 MP: 1/6
  1135 | D:2      | Learned a level 3 spell: Frozen Ramparts
  1489 | D:2      | Reached skill level 5 in Ice Magic
  1489 | D:2      | Reached XP level 4. HP: 27/30 MP: 4/7
  1782 | D:3      | Found a stormy altar of Qazlal.
  1789 | D:3      | Reached XP level 5. HP: 27/35 MP: 6/9
  1818 | D:3      | Learned a level 4 spell: Summon Ice Beast
  1978 | D:3      | Reached skill level 1 in Summonings
  2169 | D:3      | Found a blossoming altar of Fedhas.
  2446 | D:3      | Found a runed translucent door.
  2447 | D:3      | Noticed Crazy Yiuf
  2462 | D:3      | Killed Crazy Yiuf
  2830 | D:4      | Reached XP level 6. HP: 25/41 MP: 10/10
  3177 | D:4      | Found Xetim's Antique Armour Shoppe.
  3275 | D:4      | Noticed Eustachio
  3281 | D:4      | Noticed a nameless horror
  3315 | D:4      | HP: 2/41 [nameless horror[miscasting Summon Ice Beast] (4)]
  3317 | D:4      | Slain by a shadow imp

Levels and vault maps discovered:
D:1:      wander_arrival_fairy_ring, layout_basic
D:2:      layout_basic, st_stairs_14
D:3:      layout_basic, nicolae_qazlal_general_emergency, lemuel_doored_altar,
          gup_sewer_entry_bowl, eino_tiny_chamber, grunt_ministairs_14,
          uniq_crazy_yiuf_cottage
D:4:      layout_basic, first_ration, serial_shops, shop, uniq_eustachio

Skill      XL: |  1  2  3  4  5  6 |
---------------+-------------------+-----
Ice Magic      | 5 |  5.5
Spellcasting   | 3 |  3.6
Summonings     | 2 3 |  3.1
Dodging        | |  2.0
Stealth        | |  2.0

Action                   |  1- 3 |  4- 6 || total
-------------------------+-------+-------++-------
Melee: Unarmed           |     3 |       ||     3
       Dagger            |     4 |    24 ||    28
 Cast: Freeze            |    35 |    29 ||    64
       Frozen Ramparts   |     3 |    21 ||    24
       Summon Ice Beast  |       |     1 ||     1
  Eat: Chunk             |     2 |     1 ||     3
       Ration            |       |     2 ||     2
Armor: Robe              |     6 |     8 ||    14
Dodge: Dodged            |    18 |    54 ||    72

Table legend:
 A = Non-vault XP
 B = Vault XP
 C = Vault XP percentage of total XP
 D = Non-vault monster count
 E = Vault monster count
 F = Vault count percentage of total count
                 A         B        C        D         E       F
            +---------+---------+-------+---------+---------+-------
      Total |     368 |      55 |  13.0 |      65 |       7 |   9.7
            +---------+---------+-------+---------+---------+-------
        D:1 |      16 |       0 |   0.0 |       9 |       0 |   0.0
        D:2 |      62 |       3 |   4.6 |      26 |       2 |   7.1
        D:3 |     117 |      52 |  30.8 |      23 |       5 |  17.9
        D:4 |     173 |       0 |   0.0 |       7 |       0 |   0.0
            +---------+---------+-------+---------+---------+-------
